 Dungeon Crawl Stone Soup version 0.27-a0-1006-g1fd4cec11e (webtiles) character file.

Game seed: 6871289675823536915

327 voltaire321 the Grave Robber (level 6, -5/41 HPs)
             Began as an Octopode Necromancer on Apr 18, 2021.
             Slain by a phantom (7 damage)
             ... on level 5 of the Dungeon.
             The game lasted 00:16:04 (5432 turns).

voltaire321 the Grave Robber (Octopode Necromancer) Turns: 5432, Time: 00:16:05

Health: -5/41      AC:  1    Str:  7    XL:     6   Next: 50%
Magic:  10/10      EV: 13    Int: 19    God:
Gold:   85         SH:  0    Dex: 13    Spells: 6/11 levels left

rFire    . . .     SeeInvis .   i - +2 dagger (elec)
rCold    . . .     Faith    .   (no shield)
rNeg     . . .     Spirit   .   (helmet restricted)
rPois    .         Reflect  .   (no amulet)
rElec    .         Harm     .   (no ring)
rCorr    .         Rampage  .   (no ring)
Will     .....                  (no ring)
Stlth    ++++......             (no ring)
HPRegen  0.13/turn              (no ring)
MPRegen  0.12/turn              (no ring)
                                (no ring)
                                (no ring)

@: no status effects
A: almost no armour, amphibious, 8 rings, camouflage 1, gelatinous body 1,
(nimble swimmer 1), tentacles
a: no special abilities


You were on level 5 of the Dungeon.
You visited 1 branch of the dungeon, and saw 5 of its levels.

You collected 155 gold pieces.
You spent 70 gold pieces at shops.

Inventory:

Hand Weapons
 i - a +2 dagger of electrocution (weapon)
Missiles
 m - 3 atropa-tipped darts
 o - 15 poisoned darts
Magical Staves
 b - a staff of poison
 d - a staff of fire
 l - a staff of death
Wands
 j - a wand of charming (8)
Scrolls
 a - 4 scrolls of identify
 c - a scroll of enchant weapon
 h - a scroll of teleportation
Potions
 e - a potion of curing {unknown}
 f - 2 potions of berserk rage {unknown}
 g - 3 potions of lignification
 k - 2 potions of ambrosia {unknown}
 n - a potion of flight {unknown}
 p - a potion of brilliance {unknown}
 r - a potion of heal wounds


   Skills:
 + Level 2.5 Fighting
 - Level 0.3 Maces & Flails
 + Level 3.0 Dodging
 + Level 4.7 Stealth
 + Level 3.1 Spellcasting
 + Level 5.2 Necromancy


You had 6 spell levels left.
You knew the following spells:

 Your Spells              Type           Power      Damage    Failure   Level
a - Pain                  Necr           88%        1d8       1%          1
b - Animate Skeleton      Necr           44%        N/A       1%          1
c - Vampiric Draining     Necr           11%        2d7       5%          3

Your spell library contained the following spells:

 Spells                   Type           Power      Damage    Failure   Level
 Magic Dart               Conj           8%         1d3       16%         1
 Animate Dead             Necr           11%        N/A       19%         4
 Searing Ray              Conj           4%         3d3       22%         2
 Dazzling Flash           Conj/Hex       4%         N/A       41%         3
 Agony                    Necr           22%        N/A       45%         5
 Fulminant Prism          Conj/Hex       1%         3d6       83%         4
 Iskenderun's Mystic Bla  Conj/Tloc      2%         2d3       83%         4


Dungeon Overview and Level Annotations

Branches:
Dungeon (5/15)
 Temple: D:4-7

Altars:
Qazlal
Xom
Yredelemnul

Shops:
D:4 !


Innate Abilities, Weirdness & Mutations

You cannot wear most types of armour.
You are amphibious.
You can wear up to eight rings at the same time.
Your skin changes colour to match your surroundings (Stealth+).
Your rubbery body absorbs attacks. (AC +1, EV +1)
((You are camouflaged near water. (Stealth+)))
You have tentacles for arms and can constrict up to eight enemies at once.


Message History

The phantom barely misses you.
You barely miss the phantom.
The phantom is lightly damaged.
The phantom hits you!
You closely miss the phantom.
The phantom is lightly damaged.
The phantom hits you.
* * * LOW HITPOINT WARNING * * *
Casting: Pain (safe; 1% risk of failure)
Confirm with . or Enter, or press ? or * to list all spells.
You can't see any susceptible monsters within range! (Use Z to cast anyway.) Unknown command.
You hit the phantom.
The phantom is lightly damaged.
The phantom hits you!
* * * LOW HITPOINT WARNING * * *
The phantom blinks!
You blink.
You miss the phantom.
The phantom is lightly damaged.
The phantom barely misses you.
You barely miss the phantom.
The phantom is lightly damaged.
The phantom hits you.
* * * LOW HITPOINT WARNING * * *
You hit the phantom.
The phantom is lightly damaged.
The phantom hits you.
* * * LOW HITPOINT WARNING * * *
The phantom blinks!
You blink.
You closely miss the phantom.
The phantom is lightly damaged.
The phantom barely misses you.
You hit the phantom.
The phantom is lightly damaged.
The phantom completely misses you.
You hit the phantom but do no damage.
You squeeze the phantom, but do no damage.
The phantom is lightly damaged.
The phantom hits you!
You die...

#.# ### #.#
#######.########.#
........ยง........#
######..#.########
#......# ###...#.##
##.$....W#
#$.....@.#
#........# ###
#.##...#.# ... #.
#...#.# ### #
#####.# #.. ###


You could see a phantom.

Vanquished Creatures
  A necrophage (D:4)
  An ogre (D:5)
  4 gnolls
  4 adders
  A worm (D:3)
  A dart slug (D:4)
  6 orcs
  4 ball pythons
  6 endoplasms
  4 giant cockroaches
  3 goblins
  8 hobgoblins
  4 jackals (D:4)
  2 quokkas (D:3)
  7 bats
  2 frilled lizards
  A jackal skeleton (D:3)
  10 kobolds
  6 rats
75 creatures vanquished.

Vanquished Creatures (collateral kills)
  An endoplasm (D:3)
1 creature vanquished.

Grand Total: 76 creatures vanquished

Notes
Turn   | Place    | Note
-------+----------+-------------------------------------------
     0 | D:1      | voltaire321 the Octopode Necromancer began the quest for
                  | the Orb.
     0 | D:1      | Reached XP level 1. HP: 11/11 MP: 3/3
    28 | D:1      | Learned a level 1 spell: Animate Skeleton
   317 | D:1      | Found a faded altar of an unknown god.
   622 | D:1      | Reached XP level 2. HP: 16/18 MP: 3/5
   809 | D:1      | Reached skill level 1 in Fighting
  1185 | D:2      | Reached XP level 3. HP: 14/23 MP: 2/6
  1548 | D:2      | Found a shimmering altar of Xom.
  2276 | D:3      | Reached XP level 4. HP: 10/28 MP: 5/7
  3514 | D:3      | Found a basalt altar of Yredelemnul.
  3582 | D:3      | Reached XP level 5. HP: 34/34 MP: 8/8
  3832 | D:4      | Noticed a necrophage
  3844 | D:4      | Killed a necrophage
  3845 | D:4      | Reached skill level 5 in Necromancy
  3918 | D:4      | Learned a level 3 spell: Vampiric Draining
  4172 | D:4      | Found Jeamuese's Distillery.
  4416 | D:4      | Reached XP level 6. HP: 39/39 MP: 10/10
  4490 | D:4      | Bought a potion of heal wounds for 70 gold pieces
  4783 | D:5      | Entered Level 5 of the Dungeon
  5035 | D:5      | Found a stormy altar of Qazlal.
  5429 | D:5      | HP: 2/41 [phantom (2)]
  5432 | D:5      | Slain by a phantom

Illustrated notes

Levels and vault maps discovered:
D:1:      minmay_arrival_nine_rooms, layout_basic,
          hellmonk_ecumenical_altar_blasted
D:2:      layout_basic, basic_altar
D:3:      minmay_recursive_quarters, layout_basic, lemuel_doored_altar
D:4:      layout_layer_cave, serial_shops, nicolae_shop_window_shopping,
          nrook_uturn
D:5:      layout_loops_ring, nicolae_qazlal_scattered_showers

Skill      XL: |  1  2  3  4  5  6 |
---------------+-------------------+-----
Fighting       | 1 2 |  2.5
Stealth        | 3 4 |  4.7
Necromancy     | 5 |  5.2
Dodging        | 3 |  3.0
Spellcasting   | 3 |  3.1
Maces & Flails | |  0.3

Action                   |  1- 3 |  4- 6 || total
-------------------------+-------+-------++-------
Melee: Whip              |    23 |       ||    23
       Constrict         |    12 |    19 ||    31
       Unarmed           |     3 |       ||     3
       Tentacles         |     7 |    12 ||    19
       Dagger            |    17 |   108 ||   125
       Staff             |       |     4 ||     4
 Cast: Pain              |    26 |    13 ||    39
       Animate Skeleton  |     2 |     1 ||     3
  Use: Scroll            |       |     6 ||     6
 Stab: Sleeping          |     1 |    12 ||    13
Armor: Skin              |     8 |     3 ||    11
Dodge: Dodged            |    24 |    67 ||    91

Table legend: (Time is in decaauts)
 A = Elapsed time spent in this place.
 B = Non-inter-level travel time spent in this place.
 C = Inter-level travel time spent in this place.
 D = Time resting spent in this place.
 E = Time spent auto-exploring this place.
 F = Levels seen in this place.
 G = Mean time per level.
                   A        B        C        D        E       F      G
               +--------+--------+--------+--------+--------+-----+--------+
         Total |   5433 |   5239 |    194 |   1853 |   2508 |   5 | 1086.6 |
       Dungeon |   5433 |   5239 |    194 |   1853 |   2508 |   5 | 1086.6 |
               +--------+--------+--------+--------+--------+-----+--------+

Top non-repeatable levels by time:
     D:3: 1564 daAuts
     D:1: 1154 daAuts
     D:2: 1086 daAuts
     D:4: 1010 daAuts
     D:5: 617 daAuts
